 Dungeon Sprint DCSS version 0.19.1-1-g22dce08 (webtiles) character file.

2158 dvd the Fencer (level 9, 0/141 HPs)
             Began as a Minotaur Berserker on Jan 2, 2017.
             Was a High Priest of Trog.
             Slain by an orc knight
             ... wielding a +0 great mace
              (13 damage)
             ... in the Dungeon (Sprint III: "The Ten Rune Challenge").
             The game lasted 00:05:06 (1424 turns).

dvd the Fencer (Minotaur Berserker)                 Turns: 1424, Time: 00:05:08

Health: 0/141      AC:  6    Str: 28    XL:     9   Next: 10%
Magic:  0/2        EV: 16    Int:  6    God:    Trog [*****.]
Gold:   32         SH:  0    Dex: 12    Spells: 0 memorised, 8 levels left

rFire  . . .     SeeInvis .     b - +3 triple sword (antimagic)
rCold  . . .     Gourm    .     v - +0 ring mail
rNeg   . . .     Faith    .     (shield currently unavailable)
rPois  .         Spirit   .     (helmet restricted)
rElec  .         Reflect  .     (no cloak)
rCorr  .         Harm     .     (no gloves)
MR     +....     NoTele   +     (no boots)
Stlth  ..........               (no amulet)
                                (no ring)
                                (no ring)

@: berserking (expiring), very quick
A: retaliatory headbutt, horns 2, clever 1, magic resistance 1
a: Berserk, Trog's Hand, Brothers in Arms, Burn Spellbooks, Renounce Religion


You were in the Dungeon.
You worshipped Trog.
Trog was extremely pleased with you.
You were very hungry.

You visited 1 branch You collected 32 gold pieces.

Inventory:

Hand Weapons
 a - a +0 falchion
 b - a +3 antimagic triple sword (weapon)
 k - a +2 long sword of holy wrath
Missiles
 j - 3 poisoned javelins (quivered)
Armour
 v - a +0 ring mail (worn)
Scrolls
 i - a scroll of blinking
 l - 4 scrolls of holy word {unknown}
 m - a scroll of identify {unknown}
 n - 3 scrolls of remove curse
 q - a scroll of enchant weapon {unknown}
Potions
 d - 2 potions of curing
 e - a potion of heal wounds
 f - a potion of haste
 g - 2 potions of magic
 h - 2 potions of berserk rage
 p - 3 potions of cure mutation
 s - 2 potions of flight
 t - a potion of might
Comestibles
 c - a bread ration
 o - 2 royal jellies
 r - 3 fruits
 u - 6 chunks of flesh


   Skills:
 + Level 13.9 Fighting
 + Level 15.3 Long Blades
 + Level 7.6 Armour
 + Level 9.5 Dodging
 + Level 2.6 Stealth


You had 8 spell levels left.
You didn't know any spells.

Dungeon Overview and Level Annotations

Branches:
Dungeon (1/1)

Altars:
Cheibriados
Dithmenos
Elyvilon
Fedhas
Gozag
Hepliaklqana
Kikubaaqudgha
Makhleb
Nemelex Xobeh
Okawaru
Qazlal
Ru
Sif Muna
Trog
Uskayaw
Vehumet
Xom
Yredelemnul
Zin
The Shining One
Beogh
Jiyva
Lugonu

Shops:
D ?


Innate Abilities, Weirdness & Mutations

You reflexively headbutt those who attack you in melee.
You have a pair of horns on your head.
Your mind is acute. (Int +2)
You are resistant to hostile enchantments. (MR+)


Message History

You slash the orc knight!
The orc knight is moderately wounded.
The orc knight roars a battlecry!
The orcs go into a battle-frenzy!
The chaos spawn barely misses you. You furiously retaliate!
You headbutt the chaos spawn, but do no damage.
You riposte.
You miss the chaos spawn. Your headbutt misses the chaos spawn.
The chaos spawn is almost dead.
The orange demon misses you.
The orc wizard gestures wildly while chanting.
The orc wizard blinks!
The orc warrior hits you from afar with a trident!
* * * LOW HITPOINT WARNING * * *
You barely miss the orc knight.
The orc knight is moderately wounded.
The chaos spawn barely misses you.
You riposte.
You slash the chaos spawn!
You kill the chaos spawn!
The chaos spawn degenerates into a cloud of primal chaos!
The orc knight hits you with a great mace!
You die...

▓▓▓ ▓▓▓ ▓▓
♣.############$##$## .
♣.#___#__.#__#$#$#∩#..
♣.#...#__[#._#..o.....
♣♣.###'#'###)##o$......
♣♣..#..........#4oo4....
♣.♣.'.⌠........#o§oo#
≈.♣.#...######'#@#
....#.⌠.#__#...#(########
....#...#__#...#....#.#.
....#'###__#...##.#..#.#
....#.).#__#...'##)#.#.#
....#___#__'...#..)#..#
▓▓▓▓▓▓▓▓▓▓▓▓▓▓▓▓▓▓▓▓▓▓▓


You could see an orc knight, an orc high priest, an orange demon, a red devil,
an orc warrior, an orc wizard and 3 orcs.

Vanquished Creatures
  An orc high priest (D)
  A shadow (D)
  A spatial vortex (D)
  2 orc warriors (D)
  A necrophage (D)
  3 two-headed ogres (D)
  A water elemental (D)
  A scorpion (D)
  A jelly (D)
  2 orc wizards (D)
  Jessica (D)
  A necromancer (D)
  A wizard (D)
  3 humans (D)
  A kobold demonologist (D)
  An ooze (D)
  6 orcs (D)
  2 rats (D)
30 creatures vanquished.

Vanquished Creatures (collateral kills)
  A deep elf mage (D)
1 creature vanquished.

Vanquished Creatures (others)
  2 draconian scorchers (D)
  Nessos (D)
  6 hellions (D)
  A yaktaur (D)
10 creatures vanquished.

Grand Total: 41 creatures vanquished

Notes
Turn   | Place    | Note
-------+----------+-------------------------------------------
     0 | D        | dvd the Minotaur Berserker began the quest for the Orb.
     0 | D        | Reached XP level 1. HP: 19/19 MP: 0/0
     6 | D        | Reached skill level 4 in Long Blades
   105 | D        | Killed a hellion
   105 | D        | Killed a hellion
   106 | D        | Killed a hellion
   146 | D        | Killed a hellion
   146 | D        | Killed a hellion
   174 | D        | Killed a white draconian scorcher
   190 | D        | Killed a white draconian scorcher
   214 | D        | Noticed Jessica
   217 | D        | Reached ** piety under Trog
   217 | D        | Killed Jessica
   217 | D        | Reached skill level 5 in Fighting
   217 | D        | Reached skill level 5 in Long Blades
   217 | D        | Reached XP level 2. HP: 26/30 MP: 1/1
   217 | D        | Reached XP level 3. HP: 32/37 MP: 2/2
   231 | D        | Killed a yaktaur
   243 | D        | Killed a hellion
   265 | D        | Noticed a scorpion
   272 | D        | Killed a scorpion
   272 | D        | Reached skill level 7 in Long Blades
   272 | D        | Reached XP level 4. HP: 34/47 MP: 3/3
   317 | D        | Gained mutation: You are agile. (Dex +2) [potion of mutation]
   317 | D        | Gained mutation: Your mind is acute. (Int +2) [potion of mutation]
   317 | D        | Gained mutation: You are surrounded by a mild repulsion field. (EV +2) [potion of mutation]
   318 | D        | Gained mutation: Armour fits poorly on your strangely shaped body. [potion of mutation]
   318 | D        | Gained mutation: You are resistant to hostile enchantments. (MR+) [potion of mutation]
   318 | D        | Gained mutation: Scrolls take you a little longer to read. [potion of mutation]
   445 | D        | Reached *** piety under Trog
   467 | D        | Noticed a water elemental
   471 | D        | Killed a water elemental
   471 | D        | Reached skill level 8 in Long Blades
   471 | D        | Reached XP level 5. HP: 56/56 MP: 4/4
   526 | D        | Found a radiant altar of Vehumet.
   527 | D        | Found a deep blue altar of Sif Muna.
   527 | D        | Found an ancient bone altar of Kikubaaqudgha.
   528 | D        | Received a gift from Trog
   528 | D        | Reached skill level 5 in Dodging
   533 | D        | Reached skill level 9 in Long Blades
   535 | D        | Reached **** piety under Trog
   535 | D        | Reached ***** piety under Trog
   554 | D        | Found a glowing silver altar of Zin.
   554 | D        | Found a glowing golden altar of the Shining One.
   554 | D        | Found a white marble altar of Elyvilon.
   555 | D        | Noticed a deep elf mage
   560 | D        | Noticed a chaos spawn
   567 | D        | Noticed a smoke demon
   568 | D        | Killed a deep elf mage
   568 | D        | Reached skill level 10 in Fighting
   568 | D        | Reached skill level 11 in Long Blades
   568 | D        | Reached skill level 5 in Armour
   568 | D        | Reached XP level 6. HP: 10/67 MP: 1/5
   842 | D        | Found a hide-covered altar of Uskayaw.
   842 | D        | Found a roughly hewn altar of Beogh.
   842 | D        | Found an iron altar of Okawaru.
   842 | D        | Found a bloodstained altar of Trog.
   842 | D        | Noticed a human
   846 | D        | Noticed a human
   852 | D        | Killed a human
   852 | D        | Reached XP level 7. HP: 74/74 MP: 6/6
   854 | D        | Killed a human
   854 | D        | Reached skill level 12 in Long Blades
   854 | D        | Reached skill level 1 in Stealth
   956 | D        | Found a basalt altar of Yredelemnul.
   956 | D        | Found a shadowy altar of Dithmenos.
   956 | D        | Found a sacrificial altar of Ru.
  1055 | D        | Noticed a shadow
  1059 | D        | Killed a shadow
  1059 | D        | Reached skill level 13 in Long Blades
  1061 | D        | Reached XP level 8. HP: 31/85 MP: 7/7
  1286 | D        | Lost mutation: Scrolls take you a little longer to read. [potion of cure mutation]
  1286 | D        | Lost mutation: You are surrounded by a mild repulsion field. (EV +2) [potion of cure mutation]
  1286 | D        | Lost mutation: Armour fits poorly on your strangely shaped body. [potion of cure mutation]
  1286 | D        | Lost mutation: You are agile. (Dex +2) [potion of cure mutation]
  1294 | D        | Found a blossoming altar of Fedhas.
  1294 | D        | Found a stormy altar of Qazlal.
  1295 | D        | Found a snail-covered altar of Cheibriados.
  1295 | D        | Found a burning altar of Makhleb.
  1295 | D        | Found a hazy altar of Hepliaklqana.
  1295 | D        | Found a shimmering altar of Xom.
  1295 | D        | Found an opulent altar of Gozag.
  1295 | D        | Found a sparkling altar of Nemelex Xobeh.
  1295 | D        | Found a corrupted altar of Lugonu.
  1295 | D        | Found a viscous altar of Jiyva.
  1304 | D        | Received a gift from Trog
  1348 | D        | Killed Nessos
  1397 | D        | Found Wuosioch's Magic Scroll Shoppe.
  1397 | D        | Noticed an orc high priest
  1404 | D        | Noticed an orc knight
  1406 | D        | Reached skill level 14 in Long Blades
  1409 | D        | Noticed an orc high priest
  1413 | D        | Killed an orc high priest
  1413 | D        | Reached skill level 15 in Long Blades
  1413 | D        | Reached XP level 9. HP: 83/94 MP: 2/8
  1415 | D        | Received a gift from Trog
  1417 | D        | Noticed an orange demon
  1418 | D        | Noticed a red devil
  1424 | D        | Slain by an orc knight

Skill      XL: |  1  2  3  4  5  6  7  8 |
---------------+-------------------------+-----
Long Blades    | 5 7 8 11 13 15 | 15.3
Fighting       | 5 7 8 10 11 12 13 | 13.9
Armour         | 3 4 5 6 7 |  7.6
Dodging        | 3 4 6 7 8 9 |  9.5
Stealth        | 1 2 |  2.6

Action                   |  1- 3 |  4- 6 |  7- 9 || total
-------------------------+-------+-------+-------++-------
Melee: Falchion          |    12 |    19 |       ||    31
       Headbutt          |     2 |     6 |     7 ||    15
       Long sword        |       |     4 |    26 ||    30
       Triple sword      |       |       |    28 ||    28
Invok: Berserk           |       |     2 |     2 ||     4
       Brothers in Arms  |       |     1 |     1 ||     2
       Burn Spellbooks   |       |     1 |       ||     1
  Use: Potion            |       |     2 |     1 ||     3
 Stab: Sleeping          |       |     1 |       ||     1
  Eat: Chunk             |       |     1 |     4 ||     5
Armor: Animal skin       |     3 |     4 |       ||     7
       Ring mail         |       |       |     7 ||     7
Dodge: Dodged            |     6 |    19 |    28 ||    53
       Rpst.: Falchion   |     4 |     3 |       ||     7
       Long sword        |       |     2 |     4 ||     6
       Triple sword      |       |       |     2 ||     2
